 Dungeon Crawl Stone Soup version 0.32-a0-938-g40ac7a0f4d (webtiles) character file.

Game seed: 17472099768413630054

10342 uglyjohn the Fanfare of Bloodshed (level 11, -3/91 HPs)
             Began as a Mountain Dwarf Fighter on Apr 15, 2024.
             Was a Believer of Makhleb.
             Slain by a catoblepas (25 damage)
             ... on level 1 of the Lair of Beasts.
             The game lasted 00:23:06 (9899 turns).

uglyjohn the Fanfare of Bloodshed (MDFi)            Turns: 9899, Time: 00:23:07

Health: -3/91      AC: 18    Str: 23    XL:     11   Next: 34%
Magic:  25/25      EV:  8    Int: 13    God:    Makhleb [**....]
Gold:   525        SH:  4    Dex: 13    Spells: 10/10 levels left

rFire   . . .        K - +4 war axe "Hesip" {flame, Int+4 Dex+2}
rCold   . . .        c - +0 buckler
rNeg    . . .        l - +3 scale mail of Polish {Dex+2 Stlth+}
rPois   .            L - +1 helmet
rElec   .            (no cloak)
rCorr   .            b - +0 pair of gloves
SInv    .            u - +0 pair of boots
Will    +....        d - amulet of regeneration
Stlth   +            p - +4 ring of protection
HPRegen 1.15/turn    (no ring)
MPRegen 0.19/turn

%: no passive effects
@: no status effects
A: runic magic, artefact enchanting
a: Renounce Religion, Minor Destruction


You were on level 1 of the Lair of Beasts.
You worshipped Makhleb.
Makhleb was pleased with you.
You visited 3 branches of the dungeon, and saw 13 of its levels.

You collected 525 gold pieces.

Inventory:

Hand Weapons
 K - the +4 war axe "Hesip" (weapon) {flame, Int+4 Dex+2}
   (You took it off a wight on level 8 of the Dungeon)

   Int+4:     It affects your intelligence (+4).
   Dex+2:     It affects your dexterity (+2).
Armour
 b - a +0 pair of gloves (worn)
 c - a +0 buckler (worn)
 l - the +3 scale mail of Polish (worn) {Dex+2 Stlth+}
   (You found it on level 2 of the Dungeon)

   Dex+2:     It affects your dexterity (+2).
   Stlth+:    It makes you more stealthy.
 u - a +0 pair of boots (worn)
 L - a +1 helmet (worn)
Jewellery
 d - an amulet of regeneration (around neck)
 p - a +4 ring of protection (left hand)
 x - a ring of magical power
 y - a ring of magical power
 I - an amulet of guardian spirit
Wands
 A - a wand of charming (4)
 B - a wand of quicksilver (6)
 C - a wand of roots (4)
 F - a wand of flame (21)
 G - a wand of polymorph (10)
 M - a wand of digging (4)
Scrolls
 e - 2 scrolls of revelation
 f - 3 scrolls of identify
 g - a scroll of torment {unknown}
 h - 11 scrolls of teleportation
 i - a scroll of enchant armour {unknown}
 j - 2 scrolls of immolation
 k - 2 scrolls of summoning
 n - 3 scrolls of fear
 q - 2 scrolls of poison
 s - 2 scrolls of brand weapon
 D - a scroll of blinking {unknown}
 J - a scroll of noise {unknown}
Potions
 a - a potion of ambrosia {unknown}
 m - a potion of degeneration {unknown}
 o - 3 potions of curing
 r - 2 potions of berserk rage
 t - a potion of enlightenment {unknown}
 v - a potion of heal wounds
 w - 2 potions of brilliance {unknown}
 z - 2 potions of haste {unknown}
 E - a potion of mutation {unknown}
 H - a potion of lignification {unknown}


   Skills:
 + Level 6.4 Fighting
 - Level 8.0 Axes
 - Level 3.3 Armour
 - Level 3.2 Shields
 - Level 20.0 Invocations


You had 10 spell levels left.
You didn't know any spells.
Your spell library contained the following spells:

 Spells                   Type           Power      Damage    Failure   Level
 Magic Dart               Conj           0%         1d3       43%         1
 Slow                     Hex            0%         N/A       43%         1
 Blink                    Tloc           0%         N/A       56%         2
 Call Imp                 Summ           0%         N/A       56%         2
 Ensorcelled Hibernation  Hex/Ice        0%         N/A       56%         2
 Mercury Vapours          Alch/Air       0%         N/A       56%         2
 Confusing Touch          Hex            0%         N/A       80%         3
 Dazzling Flash           Conj/Hex       0%         N/A       80%         3
 Fugue of the Fallen      Necr           0%         N/A       80%         3
 Inner Flame              Hex/Fire       0%         N/A       80%         3
 Mephitic Cloud           Conj/Alch/Air  0%         N/A       80%         3
 Tukima's Dance           Hex            0%         N/A       80%         3
 Vampiric Draining        Necr           0%         2d6       80%         3
 Anguish                  Hex/Necr       0%         N/A       99%         4
 Animate Armour           Summ/Erth      0%         N/A       99%         4
 Animate Dead             Necr           0%         N/A       99%         4
 Flame Wave               Conj/Fire      0%         2d4       99%         4
 Passage of Golubria      Tloc           0%         N/A       99%         4
 Sticky Flame             Fire/Alch      0%         2d4       99%         4
 Summon Lightning Spire   Summ/Air       0%         N/A       99%         4
 Borgnjor's Vile Clutch   Necr/Erth      0%         N/A       100%        5
 Curse of Agony           Necr           0%         N/A       100%        5
 Freezing Cloud           Conj/Ice/Air   0%         6-21      100%        5
 Lee's Rapid Deconstruct  Erth           0%         3d4*      100%        5
 Silence                  Hex/Air        0%         N/A       100%        5
 Yara's Violent Unravell  Hex/Alch       0%         3d3       100%        5
 Death Channel            Necr           0%         N/A       100%        6


Dungeon Overview and Level Annotations

Branches:
Dungeon (11/15)            Temple (1/1) D:7            Lair (1/5) D:9
    Orc (0/2) D:9

Altars:
Ashenzari
Cheibriados
Dithmenos
Elyvilon
Fedhas
Gozag
Hepliaklqana
Kikubaaqudgha
Makhleb
Nemelex Xobeh
Okawaru
Qazlal
Ru
Sif Muna
Trog
Uskayaw
Vehumet
Wu Jian
Xom
Yredelemnul
Zin
The Shining One

Shops:
D:11 :


Innate Abilities, Weirdness & Mutations

Your spellcasting is much less encumbered by armour.
You can use scrolls of enchantment on lesser artefacts.


Message History

The catoblepas gores you but does no damage.
You are engulfed in calcifying dust.
The catoblepas gores you!
You are engulfed in calcifying dust.
The catoblepas gores you!
You are engulfed in calcifying dust.
The catoblepas breathes a plume of calcifying dust at you.
The blast of calcifying dust hits you.
You are engulfed in calcifying dust.
The catoblepas breathes a plume of calcifying dust at you.
The blast of calcifying dust hits you but does no damage.
The catoblepas gores you!
The catoblepas gores you but does no damage.
The catoblepas gores you but does no damage. x2
You turn to flesh and can move again.
Unknown command.
Aiming: Quicksilver Bolt
Press: ? - help, Shift-Dir - straight line, f/p - catoblepas
Aim: a catoblepas (moderately wounded, 100% to hit)
The bolt of dispelling energy hits the catoblepas!
The catoblepas is heavily wounded.
The catoblepas gores you but does no damage.
Aiming: Quicksilver Bolt
Press: ? - help, Shift-Dir - straight line, f/p - catoblepas
Aim: a catoblepas (moderately wounded, 100% to hit)
The bolt of dispelling energy hits the catoblepas!
The catoblepas is heavily wounded.
The catoblepas gores you.
Aiming: Quicksilver Bolt
Press: ? - help, Shift-Dir - straight line, f/p - catoblepas
Aim: a catoblepas (heavily wounded, 100% to hit)
The bolt of dispelling energy hits the catoblepas!
The catoblepas is severely wounded.
The catoblepas gores you!!
* * * LOW HITPOINT WARNING * * *
Aiming: Quicksilver Bolt
Press: ? - help, Shift-Dir - straight line, f/p - catoblepas
Aim: a catoblepas (severely wounded, 100% to hit)
The bolt of dispelling energy hits the catoblepas!
The catoblepas is almost dead.
The catoblepas gores you!!
You die...

######..## ........#
....#.P## .......## ###
........######.#####
...................# #
...................##..#
...............Y........
..............†.@.......
.........######.........
.........# ##........
.........# #....#..#
.......... ....##..#
.........#. ....# ..
...........# PP..#
.......... . ......


You could see a catoblepas.

Vanquished Creatures
  3 two-headed ogres
  3 cyclopes
  A gargoyle (D:9)
  A komodo dragon (D:11)
  A wraith (D:10)
  A wyvern (D:10)
  12 yaks
  2 acid dragons
  2 water moccasins
  2 orc warriors
  An ice beast (D:6)
  2 sky beasts
  An ogre (D:7)
  6 centaurs
  A black bear (D:5)
  2 wolves (D:9)
  2 phantoms
  2 kobold brigands
  5 bullfrogs
  A gnoll sergeant (D:9)
  3 scorpions
  18 wights
  Dowan (D:7)
  2 jellies (D:6)
  3 killer bees (D:10)
  2 electric eels (D:6)
  A howler monkey (D:6)
  2 bombardier beetles (D:5)
  6 orc priests
  2 gnoll boudas
  3 hounds
  Jessica (D:2)
  6 iguanas
  7 orc wizards
  9 gnolls
  4 adders
  2 white imps
  2 ribbon worms
  39 orcs
  4 bats
  6 endoplasms
  A giant cockroach (D:4)
  8 goblins
  3 hobgoblins
  2 jackals (D:3)
  4 quokkas
  6 ball pythons
  4 frilled lizards
  17 kobolds
  5 rats
224 creatures vanquished.

Vanquished Creatures (collateral kills)
  Duvessa (D:7)
1 creature vanquished.

Grand Total: 225 creatures vanquished

Notes
Turn   | Place    | Note
-------+----------+-------------------------------------------
     0 | D:1      | uglyjohn the Mountain Dwarf Fighter began the quest for the
                  | Orb.
     0 | D:1      | Reached XP level 1. HP: 19/19 MP: 1/1
    30 | D:1      | Reached skill level 1 in Invocations
   248 | D:1      | Reached skill level 2 in Invocations
   276 | D:1      | Reached XP level 2. HP: 26/26 MP: 3/3
   511 | D:1      | Reached skill level 3 in Invocations
   711 | D:2      | Reached XP level 3. HP: 25/31 MP: 5/5
   798 | D:2      | Identified the +3 scale mail of Polish {Dex+2 Stlth+}
   856 | D:2      | Reached skill level 4 in Invocations
   867 | D:2      | Noticed Jessica
   875 | D:2      | Killed Jessica
  1053 | D:2      | Reached XP level 4. HP: 28/38 MP: 7/7
  1184 | D:2      | Reached skill level 5 in Invocations
  1312 | D:3      | Reached skill level 6 in Invocations
  1312 | D:3      | Reached XP level 5. HP: 3/45 MP: 7/9
  1476 | D:3      | Found an iron altar of Okawaru.
  1672 | D:3      | Found a faded altar of an unknown god.
  1681 | D:3      | Got Plato's Cyclopedia of Ensorcelling
  1729 | D:3      | Found the +5 woodcutter's axe
  1881 | D:3      | You fall into a shaft and drop 1 floor!
  2393 | D:4      | Reached skill level 7 in Invocations
  2489 | D:4      | Reached XP level 6. HP: 51/51 MP: 11/11
  2891 | D:4      | Reached skill level 8 in Invocations
  3225 | D:5      | Entered Level 5 of the Dungeon
  3231 | D:5      | Reached skill level 9 in Invocations
  3252 | D:5      | Noticed a water moccasin
  3271 | D:5      | Killed a water moccasin
  3272 | D:5      | Reached XP level 7. HP: 46/57 MP: 12/14
  3337 | D:5      | Reached skill level 10 in Invocations
  3348 | D:5      | Noticed a two-headed ogre
  3359 | D:5      | Killed a two-headed ogre
  3360 | D:5      | Reached skill level 12 in Invocations
  3360 | D:5      | Reached XP level 8. HP: 14/63 MP: 14/17
  3474 | D:5      | Reached skill level 13 in Invocations
  3776 | D:5      | Reached skill level 14 in Invocations
  4162 | D:6      | Reached XP level 9. HP: 70/70 MP: 20/20
  4165 | D:6      | Reached skill level 15 in Invocations
  4920 | D:7      | Noticed a two-headed ogre
  5082 | D:7      | Reached skill level 16 in Invocations
  5118 | D:7      | Killed a two-headed ogre
  5119 | D:7      | Reached skill level 17 in Invocations
  5120 | D:7      | Found a staircase to the Ecumenical Temple.
  5134 | Temple   | Entered the Ecumenical Temple
  5195 | Temple   | Became a worshipper of Makhleb the Destroyer
  5278 | D:7      | Noticed Duvessa
  5278 | D:7      | Noticed Dowan
  5291 | D:7      | Killed Duvessa
  5319 | D:7      | Killed Dowan
  5654 | D:7      | HP: 1/49 [ogre/+0 giant club (8)]
  6086 | D:8      | Reached XP level 10. HP: 56/60 MP: 22/22
  6279 | D:8      | Identified the +1 war axe "Hesip" {flame, Int+4 Dex+2}
  6306 | D:8      | Reached skill level 5 in Axes
  6604 | D:8      | Reached * piety under Makhleb
  6993 | D:9      | Found a staircase to the Orcish Mines.
  7005 | D:9      | Identified the +11 dagger of the Pillar {freeze, Fly rF+}
  7162 | D:9      | Found a staircase to the Lair.
  7173 | D:9      | Reached skill level 18 in Invocations
  7251 | D:9      | Noticed a gargoyle
  7540 | D:9      | Killed a gargoyle
  8227 | D:10     | Entered Level 10 of the Dungeon
  8584 | D:10     | Reached ** piety under Makhleb
  9049 | D:10     | Reached skill level 19 in Invocations
  9175 | D:11     | Noticed a two-headed ogre
  9211 | D:11     | Noticed a cyclops
  9231 | D:10     | Killed a cyclops
  9232 | D:10     | Reached XP level 11. HP: 19/82 MP: 24/24
  9312 | D:11     | Reached skill level 20 in Invocations
  9360 | D:11     | Noticed a two-headed ogre
  9370 | D:11     | Killed a two-headed ogre
  9371 | D:11     | Reached skill level 5 in Fighting
  9425 | D:11     | Identified the +1 leather armour of Death's Door {Harm rN+
                  | Int+3}
  9438 | D:11     | Found a snail-covered altar of Cheibriados.
  9651 | D:11     | Found Ithol's Tiny Tomes.
  9809 | Lair:1   | Entered Level 1 of the Lair of Beasts
  9846 | Lair:1   | Noticed a catoblepas
  9899 | Lair:1   | Slain by a catoblepas

Illustrated notes

Levels and vault maps discovered:
D:1:      dpeg_arrival_round_c, layout_basic
D:2:      layout_basic, uniq_jessica
D:3:      layout_basic, mainiacjoe_overflow_alcove_1, serial_co_window_serial,
          co_window_paths_a, co_window_paths_b, co_window_paths_a,
          co_window_corner_a, co_window_paths_a, co_window_cross_1,
          co_window_paths_a, co_window_corner_a, co_window_corner_a,
          co_window_corner_ca, co_window_of_opportunity_b, co_window_broadway_b,
          glass_columns_a, glass_columns_b, glass_columns_a, glass_columns_c,
          glass_columns_c, shapermc_ecumenical_altar_rom_forum
D:4:      layout_cave_pods, serial_rivers, chequers_serial_rivers_small_b,
          chequers_serial_rivers_small_a, chequers_serial_rivers_micro_a,
          chequers_serial_rivers_micro_d, chequers_serial_rivers_micro_c,
          chequers_serial_rivers_large_a
D:5:      layout_basic, minmay_fountain_box
D:6:      layout_rooms, minmay_stone_trees_medium, corexii_hall_statues_x,
          serial_bayou_lagoon_a, kennysheep_generic_room_15
D:7:      layout_gridville, minmay_temple_entry_trees, uniq_duvessa
D:8:      layout_loops_ring, due_unseen_surprise
D:9:      layout_stronghold, erik_lair_orcish_takeover, orc_0_dummy
D:10:     layout_stronghold, nicolae_tricolors
D:11:     layout_rooms, nicolae_shop_i_like_small_books_too, cheibriados_altar_1
Temple:   minmay_crystal_snake_temple
Lair:1:   dragon1_lemuel, layout_gridlike, basic_altar

Skill      XL: |  1  2  3  4  5  6  7  8  9 10 11 |
---------------+----------------------------------+-----
Invocations    | 2 3 4 6 7 9 12 14 17 19 20 | 20.0
Axes           | 3 8 |  8.0
Fighting       | 6 |  6.4
Armour         | |  3.3
Shields        | |  3.2

Action                     |  1- 3 |  4- 6 |  7- 9 | 10-12 || total
---------------------------+-------+-------+-------+-------++-------
  Melee: War axe           |   108 |   153 |   363 |   208 ||   832
 Invoke: Minor Destruction |       |       |       |   129 ||   129
  Evoke: Wand              |       |       |     8 |     8 ||    16
    Use: Potion            |       |     2 |     2 |       ||     4
         Scroll            |       |       |     8 |     6 ||    14
 Armour: Scale mail        |    86 |   125 |   380 |   323 ||   914
         Skin              |       |       |    15 |       ||    15
  Dodge: Dodged            |    50 |    69 |   182 |   129 ||   430
  Block: Buckler           |    35 |    37 |    87 |    76 ||   235

Table legend: (Time is in decaauts)
 A = Elapsed time spent in this place.
 B = Non-inter-level travel time spent in this place.
 C = Inter-level travel time spent in this place.
 D = Time resting spent in this place.
 E = Time spent auto-exploring this place.
 F = Levels seen in this place.
 G = Mean time per level.
                   A        B        C        D        E       F      G
               +--------+--------+--------+--------+--------+-----+--------+
         Total |  10239 |   9743 |    496 |   1195 |   6144 |  13 |  787.6 |
       Dungeon |  10037 |   9586 |    451 |   1195 |   6109 |  11 |  912.5 |
        Temple |    108 |     64 |     44 |      0 |      0 |   1 |  108.0 |
          Lair |     92 |     92 |      0 |      0 |     35 |   1 |   92.0 |
               +--------+--------+--------+--------+--------+-----+--------+

Top non-repeatable levels by time:
     D:9: 1391 daAuts
    D:10: 1086 daAuts
     D:3: 1047 daAuts
     D:6: 1047 daAuts
     D:4: 1019 daAuts
     D:7: 970 daAuts
     D:8: 909 daAuts
     D:5: 807 daAuts
     D:1: 711 daAuts
     D:2: 557 daAuts
    D:11: 489 daAuts
  Temple: 108 daAuts
  Lair:1: 92 daAuts
